 Dungeon Crawl Stone Soup version 0.24.0-123-gd5b16e6ec5 (webtiles) character file.

Game seed: 8984521623351286548, levelgen mode: deterministic

130227 Elellon the Severer (level 16, 0/154 HPs)
             Began as a Deep Dwarf Fighter on Jan 7, 2020.
             Was the Champion of Makhleb.
             Engulfed by a cloud of thunder (12 damage)
             ... on level 3 of the Snake Pit.
             The game lasted 01:27:45 (23263 turns).

Elellon the Severer (Deep Dwarf Fighter)           Turns: 23263, Time: 01:27:46

Health: 0/154      AC: 26    Str: 32 (33) XL:     16   Next: 52%
Magic:  0/0        EV:  8    Int: 11      God:    Makhleb [******]
Gold:   1938       SH: 28    Dex: 10 (12) Spells: 15/15 levels left

rFire    . . .     SeeInvis +   b - +2 flail (drain)
rCold    x . .     Gourm    .   I - +2 large shield {rPois}
rNeg     + . .     Faith    .   X - +4 chain mail "Hysuje" {MP+9 Str-3 Slay+3}
rPois    +         Spirit   .   p - +0 helmet
rElec    .         Reflect  +   U - +2 cloak of the Alphagorgon {rC- rCorr MP-9 SInv}
rCorr    +         Harm     .   s - +0 pair of gloves
MR       ++...                  m - +0 pair of boots
Stlth    ..........             S - +4 amulet of reflection
HPRegen  0.00/turn              H - +6 ring of strength
MPRegen  0.07/turn              E - ring of stealth

@: mighty, non-regenerating
A: damage resistance, heal wounds, negative energy resistance 1, sense
surroundings 2, no regeneration
a: Heal Wounds, Minor Destruction, Lesser Servant of Makhleb, Major Destruction,
Greater Servant of Makhleb, Renounce Religion


You were on level 3 of the Snake Pit.
You worshipped Makhleb.
Makhleb was exalted by your worship.
You were not hungry.

You visited 5 branches of the dungeon, and saw 26 of its levels.
You also visited: Sewer and Bailey.

You collected 2246 gold pieces.
You spent 308 gold pieces at shops.

Inventory:

Hand Weapons
 a - a +1 broad axe
 b - a +2 flail of draining (weapon)
Missiles
 v - 115 poisoned darts (quivered)
Armour
 m - a +0 pair of boots (worn)
 p - a +0 helmet (worn)
 s - a +0 pair of gloves (worn)
 G - the +0 ice dragon scales of Fun and Games {rF- rC++ Str-3 Dex+2 Slay+3}
   (You found it in a bailey)

   It affects your strength (-3).
   It affects your dexterity (+2).
   It affects your accuracy and damage with ranged weapons and melee attacks
   (+3).
   It makes you vulnerable to fire.
   It greatly protects you from cold.
 I - a +2 large shield of poison resistance (worn)
 U - the +2 cloak of the Alphagorgon (worn) {rC- rCorr MP-9 SInv}
   (You bought it in a shop on level 2 of the Orcish Mines)

   It makes you vulnerable to cold.
   It affects your magic capacity (-9).
   It lets you see invisible.
   It provides partial protection from all sources of acid and corrosion.
 X - the +4 chain mail "Hysuje" (worn) {MP+9 Str-3 Slay+3}
   (You found it on level 1 of the Lair of Beasts)

   It affects your strength (-3).
   It affects your accuracy and damage with ranged weapons and melee attacks
   (+3).
   It affects your magic capacity (+9).
Jewellery
 C - an uncursed ring of flight
 E - a ring of stealth (right hand)
 H - a +6 ring of strength (left hand)
 M - an uncursed amulet of the acrobat {unknown}
 S - a +4 amulet of reflection (around neck)
 W - an uncursed amulet of the acrobat {unknown}
Wands
 k - a wand of digging (5)
 z - a wand of paralysis (24)
 A - a wand of flame (43)
 F - a wand of iceblast (17)
 J - a wand of acid (7)
 L - a wand of disintegration (29)
Scrolls
 h - a scroll of acquirement {unknown}
 i - 3 scrolls of blinking
 j - 11 scrolls of teleportation
 l - 4 scrolls of fear
 o - 10 scrolls of remove curse
 r - 3 scrolls of magic mapping
 u - 4 scrolls of amnesia
 x - 7 scrolls of enchant armour
 y - 3 scrolls of fog
 K - 2 scrolls of enchant weapon
 Y - 3 scrolls of random uselessness {unknown}
 Z - a scroll of vulnerability {unknown}
Potions
 c - 4 potions of flight
 d - 4 potions of might
 e - 2 potions of invisibility {unknown}
 g - 5 potions of heal wounds
 n - a potion of resistance {unknown}
 t - 10 potions of brilliance
 w - 3 potions of agility
 D - 7 potions of lignification {unknown}
 N - 3 potions of haste
 O - a potion of berserk rage {unknown}
 P - 2 potions of curing
 Q - 3 potions of magic
 V - a potion of ambrosia {unknown}
Comestibles
 f - 55 rations


   Skills:
 + Level 12.6 Fighting
   Level 1.1 Long Blades
 + Level 19.1 Axes
 + Level 15.1 Armour
 - Level 1.0 Dodging
 - Level 1.1 Stealth
 + Level 15.2 Shields


You had 15 spell levels left.
You didn't know any spells.
Your spell library contained the following spells:

 Spells                   Type           Power        Failure   Level  Hunger
 Confusing Touch          Hex            #.....       98%         1    ##.....
 Corona                   Hex            #......      98%         1    ##.....
 Summon Butterflies       Summ           #.......     98%         1    ##.....
 Summon Small Mammal      Summ           #...         98%         1    ##.....
 Call Imp                 Summ           #.......     99%         2    ###....
 Ensorcelled Hibernation  Hex/Ice        #.....       99%         2    ###....
 Poisonous Vapours        Pois/Air       #.....       99%         2    ###....
 Sublimation of Blood     Necr           #.........   99%         2    ###....
 Call Canine Familiar     Summ           #.......     100%        3    ####...
 Confuse                  Hex            #.......     100%        3    ####...
 Conjure Flame            Conj/Fire      #.......     100%        3    ####...
 Dazzling Spray           Conj/Hex       #.....       100%        3    ####...
 Gell's Gravitas          Tloc           #.........   100%        3    ####...
 Ignite Poison            Fire/Tmut/Pois #.......     100%        3    ####...
 Mephitic Cloud           Conj/Pois/Air  #.......     100%        3    ####...
 Summon Guardian Golem    Hex/Summ       #.......     100%        3    ####...
 Tukima's Dance           Hex            #.......     100%        3    ####...
 Petrify                  Tmut/Erth      #.......     100%        4    #####..
 Summon Ice Beast         Ice/Summ       #.......     100%        4    #####..
 Summon Lightning Spire   Summ/Air       #.......     100%        4    #####..
 Alistair's Intoxication  Tmut/Pois      #.......     100%        5    ######.
 Irradiate                Conj/Tmut      #.........   100%        5    ######.
 Metabolic Englaciation   Hex/Ice        #.........   100%        5    ######.
 Summon Mana Viper        Hex/Summ       #.......     100%        5    ######.
 Yara's Violent Unravell  Hex/Tmut       #.........   100%        5    ######.
 Freezing Cloud           Conj/Ice/Air   #.........   100%        6    #######
 Ring of Flames           Chrm/Fire      #.........   100%        7    #######
 Summon Hydra             Summ           #.........   100%        7    #######


Dungeon Overview and Level Annotations

Branches:
Dungeon (13/15)            Temple (1/1) D:7            Lair (6/6) D:9
  Swamp (0/4) Lair:3        Snake (4/4) Lair:2        Slime (0/5) Lair:6
    Orc (2/2) D:10            Elf (0/3) Orc:2         Sewer (visited)
 Bailey (visited)
 Vaults: D:13-14

Altars:
Ashenzari
Cheibriados
Dithmenos
Elyvilon
Fedhas
Gozag
Hepliaklqana
Kikubaaqudgha
Makhleb
Nemelex Xobeh
Okawaru
Qazlal
Ru
Sif Muna
Trog
Uskayaw
Vehumet
Wu Jian
Xom
Yredelemnul
Zin
The Shining One
Beogh
Jiyva

Shops:
D:4 *   D:7 }   D:9 [   Orc:2 ([%=[

Annotations:
D:10 3 runed translucent doors
Lair:5 1 runed translucent door, Thalamas's ghost, journeyman MiBe
Lair:6 1 runed translucent door


Innate Abilities, Weirdness & Mutations

You are resistant to damage.
You can heal yourself by infusing magical energy.
You resist negative energy. (rN+)
You passively map the area around you.
You do not regenerate.


Message History

The four-headed hydra bites you!
* * * LOW HITPOINT WARNING * * *
You block the four-headed hydra's attack.
The eight-headed hydra is struck by lightning.
The eight-headed hydra bites you but does no damage. x5
You block the eight-headed hydra's attack.
The eight-headed hydra bites you.
* * * LOW HITPOINT WARNING * * *
The eight-headed hydra bites you.
* * * LOW HITPOINT WARNING * * *
You sock Bai Suzhen!
You kill Bai Suzhen!
Makhleb accepts your kill.
You hear a splash.
The storm dragon scales {Bai Suzhen} are intact enough to wear.
The four-headed hydra disappears in a puff of smoke!
The eight-headed hydra disappears in a puff of smoke!
You feel your intelligence returning.
You are standing in a thunderstorm.
You are struck by lightning!
You die...

##..................#####.....###
###...................##########
##........................###.
##...........................
##..........................
#........_.................
##.................(...####
##.......§§§.........(###.
##......@[≈..........(...
##..(..§§§...........(..
###....................
###..................
####...............
#####........... ############


There were no monsters in sight!

Vanquished Creatures
  Bai Suzhen (Snake:3)
  Frances (D:12)
  Gastronok (D:10)
  A nagaraja (Snake:2)
  Aizul (Snake:3)
  An orc warlord (Orc:2)
  A dire elephant (Lair:6)
  Josephine (D:10)
  Harold (D:9)
  12 naga warriors
  6 hydras
  A two-headed ogre (D:11)
  Erica (D:8)
  16 anacondas
  A catoblepas (Lair:6)
  11 naga sharpshooters
  4 orc high priests
  5 death yaks (Lair:6)
  A deep troll shaman (Lair:6)
  4 shock serpents (Snake:3)
  3 skeletal warriors (D:12)
  A salamander mystic (Snake:4)
  An unseen horror (D:11)
  3 naga ritualists
  2 sea snakes (Snake:3)
  A lindwurm (Lair:6)
  8 mana vipers
  A necromancer (Lair:5)
  Pikel (D:6)
  2 orc knights
  An orc sorcerer (Orc:2)
  A manticore (D:11)
  2 ugly things (D:11)
  A cyclops (D:12)
  22 elephants
  12 salamanders
  27 black mambas
  4 guardian serpents
  11 naga magi
  Joseph (D:9)
  9 spiny frogs
  A torpor snail (Lair:4)
  2 rime drakes
  A freezing wraith (D:12)
  5 komodo dragons
  6 trolls
  2 polar bears
  A queen bee (D:10)
  Grinder (D:5)
  9 hippogriffs
  A hornet (D:12)
  2 slime creatures (D:12)
  Prince Ribbit (D:7)
  12 blink frogs
  6 dream sheep
  3 basilisks
  3 wyverns
  5 wraiths
  29 yaks
  Grum (D:9)
  3 wargs
  Edmund (D:6)
  37 nagas
  3 insubstantial wisps (Lair:3)
  9 water moccasins
  A soldier ant (D:12)
  24 orc warriors
  2 sky beasts
  8 porcupines
  6 black bears
  5 ice beasts
  3 slaves (D:6)
  7 ogres
  An eye of draining (D:11)
  2 phantoms
  20 wolves
  7 centaurs
  16 crocodiles
  A big kobold (D:11)
  Blork the orc (D:6)
  13 bullfrogs
  4 scorpions
  34 killer bees
  5 wights (D:11)
  3 howler monkeys
  2 electric eels
  4 crimson imps
  2 bullfrog zombies (D:11)
  7 hounds
  2 centaur skeletons
  A centaur zombie (D:6)
  5 jellies
  24 orc wizards
  17 orc priests
  Crazy Yiuf (D:7)
  2 iguanas
  11 worker ants
  3 polar bear simulacra (Lair:5)
  A wolf simulacrum (Lair:5)
  4 yak simulacra (Lair:5)
  2 hound skeletons (D:9)
  11 adders
  3 shadow imps
  7 oozes
  2 worms (D:4)
  2 dart slugs
  7 leopard geckos
  85 orcs
  2 ball pythons (D:1)
  7 bats
  6 giant cockroaches
  11 goblins
  10 hobgoblins
  7 jackals
  5 quokkas
  7 frilled lizards
  11 kobolds
  A leopard gecko skeleton (D:5)
  12 rats
  3 river rat simulacra (Lair:5)
  3 fungi
  4 plants
786 creatures vanquished.

Vanquished Creatures (others)
  A naga sharpshooter (Snake:2)
  A naga ritualist (Snake:2)
  A naga (Snake:1)
  A hound (D:8)
  An orc (Orc:2)
  A kobold (D:11)
  5 fungi
  12 plants
23 creatures vanquished.

Grand Total: 809 creatures vanquished

Notes
Turn   | Place    | Note
-------+----------+-------------------------------------------
     0 | D:1      | Elellon the Deep Dwarf Fighter began the quest for the Orb.
     0 | D:1      | Reached XP level 1. HP: 20/20 MP: 1/1
   183 | D:1      | Reached XP level 2. HP: 22/27 MP: 2/2
   409 | D:1      | Reached skill level 3 in Axes
   445 | D:1      | Reached XP level 3. HP: 19/33 MP: 3/3
   902 | D:2      | Found a faded altar of an unknown god.
  1560 | D:3      | Reached XP level 4. HP: 38/40 MP: 4/4
  1633 | D:3      | Reached skill level 4 in Axes
  1650 | D:3      | Reached XP level 5. HP: 27/49 MP: 5/5
  1663 | D:3      | Reached skill level 5 in Axes
  1663 | D:3      | Reached skill level 1 in Dodging
  1792 | D:3      | Found an iron altar of Okawaru.
  1805 | D:3      | Found a shadowy altar of Dithmenos.
  1827 | D:3      | Found a hide-covered altar of Uskayaw.
  1841 | D:3      | Found a sparkling altar of Nemelex Xobeh.
  2174 | D:3      | Found a snail-covered altar of Cheibriados.
  2412 | D:4      | Found Abboitse's General Store.
  2418 | D:4      | Bought a potion of heal wounds for 65 gold pieces
  2418 | D:4      | Bought a scroll of identify for 26 gold pieces
  2439 | D:4      | Reached XP level 6. HP: 49/56 MP: 5/5
  2517 | D:4      | Reached skill level 6 in Axes
  2610 | D:4      | Found a sacrificial altar of Ru.
  2691 | D:4      | Found a shattered altar of Ashenzari.
  3057 | D:4      | Found a glowing drain.
  3066 | Sewer    | Entered a sewer
  3142 | Sewer    | Reached skill level 7 in Axes
  3142 | Sewer    | Reached XP level 7. HP: 37/62 MP: 6/6
  3376 | D:5      | Entered Level 5 of the Dungeon
  3433 | D:5      | Found a white marble altar of Elyvilon.
  3637 | D:5      | Reached skill level 8 in Axes
  3667 | D:5      | Found an opulent altar of Gozag.
  3784 | D:5      | Noticed Grinder
  3796 | D:5      | Paralysed by Grinder for 3 turns
  3799 | D:5      | Killed Grinder
  3799 | D:5      | Reached skill level 5 in Armour
  3799 | D:5      | Reached skill level 1 in Stealth
  3799 | D:5      | Reached XP level 8. HP: 30/69 MP: 7/7
  3831 | D:5      | Reached skill level 9 in Axes
  4040 | D:6      | Reached skill level 5 in Shields
  4452 | D:6      | Noticed Blork the orc
  4474 | D:6      | Killed Blork the orc
  4635 | D:6      | Noticed Pikel
  4649 | D:6      | Killed Pikel
  4649 | D:6      | Reached skill level 10 in Axes
  4649 | D:6      | Gained mutation: You passively map the area around you.
                  | [Deep Dwarf growth]
  4649 | D:6      | Reached XP level 9. HP: 35/78 MP: 6/6
  5168 | D:6      | Noticed Edmund
  5180 | D:6      | Killed Edmund
  5472 | D:7      | Found Misoceeq's Gadget Boutique.
  5482 | D:7      | Found a flagged portal.
  5493 | Bailey   | Entered a bailey
  5611 | Bailey   | Reached skill level 11 in Axes
  5719 | Bailey   | Noticed an orc knight
  5822 | Bailey   | Got polished ice dragon scales
  5832 | Bailey   | Identified the +0 ice dragon scales of Fun and Games {rF-
                  | rC++ Str-3 Dex+2 Slay+3} (You found it in a bailey)
  5914 | Bailey   | Noticed an orc knight
  5949 | Bailey   | Killed an orc knight
  6057 | D:7      | Found a runed translucent door.
  6058 | D:7      | Noticed Crazy Yiuf
  6101 | D:7      | Killed Crazy Yiuf
  6142 | D:7      | Found a staircase to the Ecumenical Temple.
  6196 | Temple   | Entered the Ecumenical Temple
  6267 | Temple   | Became a worshipper of Makhleb the Destroyer
  6314 | D:7      | Noticed Prince Ribbit
  6323 | D:7      | Killed Prince Ribbit
  6376 | D:7      | Noticed a rust devil
  6513 | D:7      | Noticed an angel
  6660 | D:8      | Noticed Erica
  6682 | D:8      | Killed Erica
  6682 | D:8      | Reached skill level 12 in Axes
  6682 | D:8      | Reached XP level 10. HP: 24/87 MP: 3/3
  7033 | D:8      | Reached skill level 1 in Long Blades
  7160 | D:8      | Found a glowing silver altar of Zin.
  7530 | D:8      | Reached * piety under Makhleb
  7581 | D:9      | Noticed Joseph
  7672 | D:9      | Reached skill level 5 in Fighting
  7714 | D:9      | Noticed Harold
  7735 | D:9      | Killed Harold
  7735 | D:9      | Reached skill level 13 in Axes
  7771 | D:9      | Killed Joseph
  8022 | D:9      | Noticed Grum
  8031 | D:9      | Killed Grum
  8031 | D:9      | Reached ** piety under Makhleb
  8050 | D:9      | Reached XP level 11. HP: 73/97 MP: 3/3
  8075 | D:9      | Found a staircase to the Lair.
  8282 | D:9      | Found Viokybesch's Antique Armour Shop.
  8391 | D:10     | Entered Level 10 of the Dungeon
  8706 | D:10     | Noticed Gastronok
  8745 | D:10     | Killed Gastronok
  8745 | D:10     | Reached skill level 14 in Axes
  8847 | D:10     | Found a staircase to the Orcish Mines.
  9028 | D:10     | Noticed Josephine
  9040 | D:10     | HP: 4/99 [Josephine/ghostly fireball (7)]
  9045 | D:10     | Killed Josephine
  9066 | D:10     | Found a runed translucent gate.
  9066 | D:10     | Found a runed translucent gate.
  9066 | D:10     | Found a runed translucent gate.
  9066 | D:10     | Noticed a brown ugly thing
  9066 | D:10     | Noticed a red ugly thing
  9066 | D:10     | Noticed a green ugly thing
  9066 | D:10     | Noticed a glowing orange brain
  9066 | D:10     | Noticed a purple ugly thing
  9066 | D:10     | Noticed a red ugly thing
  9273 | D:11     | Reached *** piety under Makhleb
  9415 | D:11     | Noticed a brown ugly thing
  9592 | D:11     | Noticed a two-headed ogre
  9599 | D:11     | Killed a two-headed ogre
  9626 | D:11     | Noticed a six-headed hydra
  9651 | D:11     | Killed a seven-headed hydra
  9936 | D:11     | Killed an unseen horror
  9936 | D:11     | Reached XP level 12. HP: 63/109 MP: 3/3
 10052 | D:11     | Reached skill level 10 in Shields
 10145 | D:11     | Reached **** piety under Makhleb
 10155 | D:11     | Reached skill level 15 in Axes
 10552 | D:11     | Reached skill level 10 in Armour
 10882 | D:12     | Noticed Frances
 10903 | D:12     | Killed Frances
 11613 | D:13     | Noticed a death knight
 11747 | D:13     | Noticed a two-headed ogre
 11898 | Orc:1    | Entered Level 1 of the Orcish Mines
 12075 | Lair:1   | Entered Level 1 of the Lair of Beasts
 12268 | Lair:1   | Got a faintly humming chain mail
 12279 | Lair:1   | Identified the +4 chain mail "Hysuje" {MP+9 Str-3 Slay+3}
                  | (You found it on level 1 of the Lair of Beasts)
 12480 | Lair:1   | Found a white marble altar of Elyvilon.
 13023 | Lair:2   | You fall into a shaft and drop 2 floors!
 13028 | Lair:4   | Reached skill level 16 in Axes
 13115 | Lair:4   | Reached XP level 13. HP: 118/118 MP: 4/4
 13138 | Lair:4   | Reached ***** piety under Makhleb
 13318 | Lair:2   | Found a staircase to the Snake Pit.
 14042 | Lair:3   | Found a staircase to the Swamp.
 14742 | Lair:4   | Found a runed translucent door.
 15850 | Lair:5   | Found a runed translucent door.
 15850 | Lair:5   | Noticed Thalamas's ghost (journeyman MiBe)
 15852 | Lair:5   | Identified the +8 spear "Zedo" {drain, +Inv Str-4 Dex+7
                  | Stlth-}
 16028 | Lair:6   | Entered Level 6 of the Lair of Beasts
 16053 | Lair:5   | Reached skill level 17 in Axes
 16057 | Lair:6   | Reached ****** piety under Makhleb
 16261 | Lair:6   | Gained mutation: You resist negative energy. (rN+) [Deep
                  | Dwarf growth]
 16261 | Lair:6   | Reached XP level 14. HP: 130/130 MP: 5/5
 16558 | Lair:6   | Reached skill level 10 in Fighting
 16895 | Lair:6   | Found a runed translucent door.
 16952 | Lair:6   | Found a viscous altar of Jiyva.
 17073 | Lair:6   | Found a staircase to the Slime Pits.
 18115 | Orc:2    | Entered Level 2 of the Orcish Mines
 18120 | Orc:2    | Found a bloodstained altar of Trog.
 18176 | Orc:2    | Found a roughly hewn altar of Beogh.
 18217 | Orc:2    | Found Elucwaw's Food Emporium.
 18299 | Orc:2    | Found Lyucu's Armour Emporium.
 18533 | Orc:2    | Bought the +2 cloak of the Alphagorgon {rC- rCorr MP-9
                  | SInv} for 217 gold pieces
 18547 | Orc:2    | Found a staircase to the Elven Halls.
 18572 | Orc:2    | Found a burning altar of Makhleb.
 18667 | Orc:2    | Noticed an orc warlord
 18702 | Orc:2    | Killed an orc warlord
 18853 | Orc:2    | Found a roughly hewn altar of Beogh.
 19147 | Orc:2    | Found Ytied's Antique Armour Shoppe.
 19147 | Orc:2    | Found a roughly hewn altar of Beogh.
 19149 | Orc:2    | Found Suh Moits's Antique Weapon Emporium.
 19351 | Orc:2    | Found a roughly hewn altar of Beogh.
 19365 | Orc:2    | Found a roughly hewn altar of Beogh.
 19366 | Orc:2    | Found Gaqiuci's Jewellery Boutique.
 19730 | Snake:1  | Entered Level 1 of the Snake Pit
 20033 | Snake:1  | Reached XP level 15. HP: 134/140 MP: 2/2
 20109 | Snake:1  | Reached skill level 18 in Axes
 20323 | Snake:1  | Identified the +11 trident "Dragonbane" {vamp, *Slow Str+7}
 20984 | Snake:2  | Noticed a nagaraja
 21013 | Snake:2  | Killed a nagaraja
 21703 | Snake:3  | Reached XP level 16. HP: 152/152 MP: 3/3
 22006 | Snake:3  | Found a sparkling altar of Nemelex Xobeh.
 22070 | Snake:3  | Noticed Aizul
 22100 | Snake:3  | Killed Aizul
 22130 | Snake:3  | Reached skill level 15 in Shields
 22222 | Snake:3  | Reached skill level 19 in Axes
 22634 | Snake:4  | Entered Level 4 of the Snake Pit
 22918 | Snake:4  | Reached skill level 15 in Armour
 23175 | Snake:4  | Noticed Bai Suzhen
 23263 | Snake:3  | Killed Bai Suzhen
 23263 | Snake:3  | Engulfed by a cloud of thunder

Levels and vault maps discovered:
D:1:      minmay_arrival_floating_metal, layout_loops_ring, minmay_tromino_mix6
D:2:      layout_basic, chequers_ecumenical_altar_island,
          minmay_indecisive_spiral
D:3:      layout_loops_ring, cheibriados_altar_1,
          grunt_temple_overflow_cloverleaf, minmay_curled_crystal,
          minmay_misc_feat_alley, minmay_increasing_density
D:4:      layout_basic, nicolae_ru_path_of_blood, ashenzari_altar_1,
          cheibrodos_sewer_entry_bend, first_ration, serial_shops, shop,
          grunt_ministairs_2
D:5:      layout_gridville, lemuel_doored_altar, elyvilon_altar_3, uniq_grinder
D:6:      layout_basic, uniq_pikel, uniq_blork_the_orc, uniq_edmund
D:7:      layout_basic, temple_garden, serial_shops,
          nicolae_shop_window_shopping, enter_bailey_2, uniq_prince_ribbit1,
          uniq_crazy_yiuf_cottage
D:8:      layout_basic, kennysheep_mini, hangedman_little_slice_of_home,
          uniq_erica
D:9:      layout_basic, minmay_lair_entry_grove, serial_shops, shop_statue,
          uniq_joseph, uniq_harold, uniq_grum
D:10:     layout_gridville, orc_0_dummy,
          ploomutoo_gammafunk_ghost_potion_laboratory, minivault_7,
          uniq_josephine, uniq_gastronok
D:11:     minmay_bubble_buster, layout_basic
D:12:     layout_basic, uniq_frances
D:13:     layout_basic, nemelex_xobeh_ov_fountains_minmay
Temple:   cyrus_circular_temple
Lair:1:   layout_cave_shapes, basic_altar, grunt_megastairs_5,
          infiniplex_staircase_pool, serial_bayou_shore_b
Lair:2:   layout_loops_ring, guppyfry_snake_entry_island,
          chequers_serial_rivers_micro_b
Lair:3:   layout_hall_layers, minmay_swamp_entry_wisps,
          lightli_volcano_entry_magma_tube
Lair:4:   layout_cave_pods, pf_torpor_hydra, lemuel_fruit_tree,
          lemuel_fruit_fields
Lair:5:   layout_misc_corridors, ebering_ghost_funeral_grove,
          eino_house_with_fridge
Lair:6:   grunt_lair_end_beastmaster, layout_cave_pods, slime_altar_2
Snake:1:  layout_basic
Snake:2:  layout_misc_corridors, abandoned_shop
Snake:3:  layout_onion, basic_altar, guppyfry_snake_island, uniq_aizul
Snake:4:  grunt_snake_rune_pools, layout_grid_maze, uniq_bai_suzhen
Orc:1:    layout_diamond_mine
Orc:2:    grunt_orc_community_town_hall, layout_caves,
          grunt_orc_community_big_house_2, grunt_orc_community_big_house_1,
          grunt_orc_community_house_1, grunt_orc_community_house_2,
          grunt_orc_community_house_1, grunt_orc_community_house_2, basic_altar,
          serial_shops, nicolae_shop_trees, trog_book

Skill      XL: |  1  2  3  4  5  6  7  8  9 10 11 12 13 14 15 16 |
---------------+-------------------------------------------------+-----
Axes           | 3 4 5 7 8 10 12 13 14 16 17 18 19 | 19.1
Fighting       | 3 4 5 7 8 9 10 12 | 12.6
Armour         | 4 5 7 8 9 10 12 13 14 15 | 15.1
Shields        | 4 5 7 8 9 11 12 13 14 15 | 15.2
Dodging        | 1 |  1.0
Stealth        | 1 |  1.1
Long Blades    | 1 |  1.1

Action                   |  1- 3 |  4- 6 |  7- 9 | 10-12 | 13-15 | 16-18 || total
-------------------------+-------+-------+-------+-------+-------+-------++-------
Melee: War axe           |   174 |   203 |   336 |   838 |   438 |       ||  1989
       Flail             |       |       |       |    13 |    35 |    25 ||    73
       Broad axe         |       |       |       |       |  1151 |   246 ||  1397
Throw: Dart              |       |     7 |    24 |    17 |     4 |       ||    52
 Abil: Heal Wounds       |     1 |     2 |    19 |     7 |    12 |     7 ||    48
  Use: Scroll            |       |     1 |    10 |     2 |     4 |     6 ||    23
       Potion            |       |       |       |       |     2 |     7 ||     9
 Stab: Petrified         |       |       |       |       |    16 |       ||    16
       Petrifying        |       |       |       |       |     5 |       ||     5
  Eat: Chunk             |     2 |    13 |    16 |    12 |    22 |       ||    65
       Ration            |       |       |       |     1 |     2 |     2 ||     5
Armor: Scale mail        |    78 |    69 |    33 |       |       |       ||   180
       Chain mail        |       |       |    76 |    13 |   482 |   148 ||   719
       Ice dragon scales |       |       |    18 |   282 |       |       ||   300
Dodge: Dodged            |    40 |    54 |    89 |   107 |   199 |    43 ||   532
Block: Shield            |    78 |    98 |   154 |       |       |       ||   330
       Large shield      |       |       |    65 |   896 |  1923 |   306 ||  3190
       Reflection        |       |       |       |    17 |    82 |    33 ||   132
